 Dungeon Crawl Stone Soup version 0.29-a0-648-g6b26cc9f40 (webtiles) character file.

Game seed: 8871520245957323309

390925 DocClef the Minotaur Porcupine (level 22, -10/233 HPs)
             Began as a Minotaur Gladiator on June 20, 2022.
             Was the Champion of Okawaru.
             Killed from afar by an acid blob (16 damage)
             ... with a splash of acid
             ... created by the Royal Jelly
             ... in the Arena.
             The game lasted 01:15:15 (43189 turns).

DocClef the Minotaur Porcupine (MiGl)              Turns: 43189, Time: 01:15:16

Health: -10/233    AC: 27    Str: 29      XL:     22   Next: 9%
Magic:  13/24      EV: 23    Int: 10 (11) God:    Okawaru [******]
Gold:   5007       SH: 13    Dex: 25      Spells: 21/21 levels left

rFire   + + .      SeeInvis .   C - +9 demon trident (elec)
rCold   . . .      Faith    .   K - +2 buckler {AC+3}
rNeg    + + .      Spirit   .   Y - +7 chain mail "Vigiawuf" {Will+ Regen+}
rPois   +          Reflect  .   c - +1 hat of Pomevecw {Dex+5 Stlth+}
rElec   .          Harm     .   F - +2 cloak {rPois}
rCorr   .          Rampage  +   R - +5 pair of gloves of Hygom {Dex+7}
Will    +++..                   y - +1 pair of boots "Ocvuekhla" {Rampage +Inv rN+}
Stlth   ++........              M - amulet of regeneration
HPRegen 2.08/turn               o - ring of Zymnimn {rF+ rN+ Will+ Int+6 Slay+3}
MPRegen 0.19/turn               W - ring "Ytiol" {Fly rF+}

@: heroic, finesse-ful, corroded, flying, duelling, unable to read
A: horns 2, retaliatory headbutt, thin skeletal structure 1, clumsy 1, deformed
body, deterioration 1, low MP 1, screaming 1, inability to read while threatened
}: 2/15 runes: decaying, serpentine
a: Renounce Religion, Evoke Invisibility, Heroism, Finesse, Duel


You were in the Arena.
You worshipped Okawaru.
Okawaru was exalted by your worship.
You visited 9 branches of the dungeon, and saw 45 of its levels.
You also visited: Ice Cave.

You collected 5494 gold pieces.
You spent 487 gold pieces at shops.

Inventory:

Hand Weapons
 C - a +9 demon trident of electrocution (weapon)
 H - the +6 trident of Intimidation {speed, Dex+4}
   (You found it on level 8 of the Dungeon)

   Attacks with this weapon are significantly faster.
   Dex:       It affects your dexterity (+4).
 Z - the +8 bardiche of the Fortifying Gods {protect, Str+2 Stlth+}
   (Okawaru gifted it to you on level 14 of the Dungeon)

   It grants its wielder temporary protection when it strikes (+7 to AC).
   Str:       It affects your strength (+2).
   Stlth:     It makes you more stealthy.
Missiles
 d - 3 throwing nets (quivered)
 S - 8 silver javelins
Armour
 c - the +1 hat of Pomevecw (worn) {Dex+5 Stlth+}
   (Okawaru gifted it to you on level 3 of the Elven Halls)

   Dex:       It affects your dexterity (+5).
   Stlth:     It makes you more stealthy.
 y - the +1 pair of boots "Ocvuekhla" (worn) {Rampage +Inv rN+}
   (You bought it in a shop on level 2 of the Orcish Mines)

   rN:        It protects you from negative energy.
   +Inv:      It lets you turn invisible.
   Rampage:   It bestows one free step when moving towards enemies.
 F - a +2 cloak of poison resistance (worn)
 K - a +2 buckler of protection (worn)
 R - the +5 pair of gloves of Hygom (worn) {Dex+7}
   (Okawaru gifted it to you on level 3 of the Elven Halls)

   Dex:       It affects your dexterity (+7).
 Y - the +7 chain mail "Vigiawuf" (worn) {Will+ Regen+}
   (Okawaru gifted it to you on level 5 of the Lair of Beasts)

   Regen:     It increases your rate of health regeneration.
   Will:      It increases your willpower.
Jewellery
 a - the ring of a Thousand Portals {Fly rN+++}
   (You took it off a deep elf sorcerer on level 3 of the Elven Halls)

   [ring of flight]

   rN:        It renders you almost immune to negative energy.
   Fly:       It grants you flight.
 k - a ring of protection from cold
 n - a +6 ring of dexterity
 o - the ring of Zymnimn (left hand) {rF+ rN+ Will+ Int+6 Slay+3}
   (You bought it in a shop on level 14 of the Dungeon)

   [ring of intelligence]

   Int:       It affects your intelligence (+6).
   Slay:      It affects your accuracy & damage with ranged weapons and melee
   (+3).
   rF:        It protects you from fire.
   rN:        It protects you from negative energy.
   Will:      It increases your willpower.
 t - a ring of see invisible
 M - an amulet of regeneration (around neck)
 P - a ring of protection from fire
 W - the ring "Ytiol" (right hand) {Fly rF+}
   (You found it on level 5 of the Lair of Beasts)

   [ring of flight]

   rF:        It protects you from fire.
   Fly:       It grants you flight.
Wands
 h - a wand of iceblast (44)
 v - a wand of flame (88)
 w - a wand of paralysis (52)
 J - a wand of mindburst (12)
 O - a wand of digging (12)
 Q - a wand of polymorph (20)
 U - a wand of light (28)
Scrolls
 b - 6 scrolls of blinking
 f - 8 scrolls of enchant armour
 i - 3 scrolls of brand weapon
 m - 5 scrolls of amnesia
 r - 8 scrolls of magic mapping
 u - 13 scrolls of teleportation
 D - 18 scrolls of identify
 E - 7 scrolls of fear
 G - 3 scrolls of poison
 L - 2 scrolls of enchant weapon
 N - 5 scrolls of silence
Potions
 g - 8 potions of heal wounds
 j - 8 potions of might
 l - a potion of ambrosia
 p - 2 potions of berserk rage
 q - 4 potions of attraction
 s - 6 potions of mutation
 x - 27 potions of curing
 z - 3 potions of magic
 A - 10 potions of lignification
 B - 4 potions of resistance
 I - 5 potions of invisibility
 T - 5 potions of haste
 V - 2 potions of brilliance
 X - 3 potions of cancellation
Miscellaneous
 e - a condenser vane


   Skills:
 O Level 27 Fighting
 - Level 3.6(23.3) Axes
 O Level 27 Polearms
 - Level 2.0(7.0) Throwing
 + Level 23.4(27) Armour
 - Level 12.0(17.0) Dodging
 - Level 16.1(21.1) Shields
 - Level 9.0 Invocations


You had 21 spell levels left.
You didn't know any spells.
Your spell library contained the following spells:

 Spells                   Type           Power      Damage    Failure   Level
 Apportation              Tloc           0%         N/A       63%         1
 Beastly Appendage        Tmut           0%         N/A       63%         1
 Foxfire                  Conj/Fire      0%         2x1d4     63%         1
 Magic Dart               Conj           0%         1d3       63%         1
 Necrotize                Necr           0%         1d4       63%         1
 Sandblast                Erth           0%         2d4       63%         1
 Shock                    Conj/Air       0%         1d3       63%         1
 Scorch                   Fire           0%         2d5       77%         2
 Searing Ray              Conj           0%         2d4       77%         2
 Static Discharge         Conj/Air       0%         N/A       77%         2
 Wereblood                Tmut           0%         N/A       77%         2
 Confusing Touch          Hex            0%         N/A       94%         3
 Conjure Flame            Conj/Fire      0%         6-21      94%         3
 Dazzling Flash           Conj/Hex       0%         N/A       94%         3
 Gell's Gravitas          Tloc           0%         N/A       94%         3
 Ignite Poison            Fire/Tmut/Pois 0%         N/A       94%         3
 Inner Flame              Hex/Fire       0%         N/A       94%         3
 Lesser Beckoning         Tloc           0%         N/A       94%         3
 Mephitic Cloud           Conj/Pois/Air  0%         N/A       94%         3
 Portal Projectile        Hex/Tloc       0%         N/A       94%         3
 Spider Form              Tmut/Pois      0%         N/A       94%         3
 Swiftness                Air            0%         N/A       94%         3
 Teleport Other           Tloc           0%         N/A       94%         3
 Vampiric Draining        Necr           0%         2d6       94%         3
 Airstrike                Air            0%         N/A       100%        4
 Dispel Undead            Necr           0%         3d6       100%        4
 Flame Wave               Conj/Fire      0%         2d4       100%        4
 Fulminant Prism          Conj/Hex       0%         3d6       100%        4
 Iskenderun's Mystic Bla  Conj/Tloc      0%         2d3       100%        4
 Leda's Liquefaction      Hex/Erth       0%         N/A       100%        4
 Olgreb's Toxic Radiance  Pois           0%         N/A       100%        4
 Passage of Golubria      Tloc           0%         N/A       100%        4
 Sticky Flame             Conj/Fire      0%         2d3       100%        4
 Blade Hands              Tmut           0%         N/A       100%        5
 Borgnjor's Vile Clutch   Necr/Erth      0%         N/A       100%        5
 Freezing Cloud           Conj/Ice/Air   0%         6-21      100%        5
 Lee's Rapid Deconstruct  Erth           0%         3d5*      100%        5
 Lightning Bolt           Conj/Air       0%         1d11      100%        5
 Yara's Violent Unravell  Hex/Tmut       0%         3d3       100%        5
 Dispersal                Tloc           0%         N/A       100%        6
 Starburst                Conj/Fire      0%         6d3       100%        6
 Statue Form              Tmut/Erth      0%         N/A       100%        6
 Enfeeble                 Hex            0%         N/A       100%        7
 Ozocubu's Refrigeration  Ice            0%         4d5       100%        7
 Disjunction              Tloc           0%         N/A       100%        8
 Ignition                 Fire           0%         3d3       100%        8
 Chain Lightning          Conj/Air       0%         N/A       100%        9
 Summon Small Mammal      Summ           Unusable   N/A       N/A         1
 Tukima's Dance           Hex            Unusable   N/A       N/A         3
 Summon Ice Beast         Ice/Summ       Unusable   N/A       N/A         4
 Summon Lightning Spire   Summ/Air       Unusable   N/A       N/A         4
 Simulacrum               Ice/Necr       Unusable   N/A       N/A         6
 Summon Cactus Giant      Summ           Unusable   N/A       N/A         6

Dungeon Overview and Level Annotations

Branches:
Dungeon (15/15)            Temple (1/1) D:5            Lair (6/6) D:8
  Swamp (4/4) Lair:3        Snake (4/4) Lair:2        Slime (5/5) Lair:5
    Orc (2/2) D:12            Elf (3/3) Orc:2        Vaults (4/5) D:14
  Crypt (0/3) Vaults:3     Depths (0/4) D:15          IceCv (visited)

Altars:
Ashenzari
Cheibriados
Dithmenos
Elyvilon
Fedhas
Gozag
Hepliaklqana
Kikubaaqudgha
Makhleb
Nemelex Xobeh
Okawaru
Qazlal
Ru
Sif Muna
Trog
Uskayaw
Vehumet
Wu Jian
Xom
Yredelemnul
Zin
The Shining One
Beogh
Jiyva

Shops:
D:3 (   D:14 *   Orc:2 !*[(   Elf:3 :   Snake:2 ?=   Snake:3 [   Vaults:1 ?
Vaults:2 *?[=(   Vaults:3 (   Vaults:4 *

Annotations:
Arena Royal Jelly


Innate Abilities, Weirdness & Mutations

You have a pair of horns on your head.
You reflexively headbutt those who attack you in melee.
You have a somewhat thin skeletal structure. (Dex +2, Stealth+)
You are clumsy. (Dex -2)
Armour fits poorly on your strangely shaped body.
Your body sometimes deteriorates upon taking damage.
Your magical capacity is low. (-10% MP)
You occasionally shout uncontrollably at your foes.
You sometimes lose the ability to read scrolls when taking damage.


Message History

You hit the rockslime but do no damage.
The rockslime is moderately wounded.
The acid blob spits acid at you. The splash of acid hits you!
* * * LOW HITPOINT WARNING * * *
The acid corrodes you! The rockslime barely misses you.
You furiously retaliate!
You headbutt the rockslime. You puncture the rockslime!
The rockslime is severely wounded.
You block the acid blob's attack.
You impale the rockslime!!
You kill the rockslime!
That felt strangely unrewarding.
The azure jelly hits you.
* * * LOW HITPOINT WARNING * * *
The azure jelly freezes you!!
* * * LOW HITPOINT WARNING * * *
The azure jelly completely misses you. The azure jelly closely misses you.
You block the azure jelly's attack. You block the acid blob's attack.
You puncture the acid blob!
Lightning courses through the acid blob!
Your hands burn!
* * * LOW HITPOINT WARNING * * *
You headbutt the acid blob!
The acid blob is heavily wounded.
You impale the acid blob!! The acid corrodes you!
Your hands burn!
* * * LOW HITPOINT WARNING * * *
You headbutt the acid blob!!
The acid blob is almost dead.
The acid blob hits you but does no damage.
The acid blob barely misses you. You furiously retaliate!
You headbutt the acid blob, but do no damage.
You block the azure jelly's attack. x2; The azure jelly closely misses you.
The azure jelly hits you but does no damage.
You hit the acid blob.
Your hands burn!
* * * LOW HITPOINT WARNING * * *
You headbutt the acid blob.
The acid blob is almost dead.
The acid blob spits acid at you. The splash of acid hits you!
You die...

###########
##..p▓p▓...##
##▓▓▓▓▓▓▓▓▓▓▓##
#.▓.........▓.#
#.▓.#....J#.▓.#
#p▓.....JJ@.▓p#
#▓▓......JJJ▓▓#
#∩▓....∩..J.▓p#
#▓▓.........▓▓#
#p▓.........▓p#
#.▓.#.....#.▓.#
#.▓.........▓.#
##▓▓▓▓▓▓▓▓▓▓▓##
#..p▓p▓p..##


You could see 3 acid blobs, 3 azure jellies and a quicksilver ooze.

Vanquished Creatures
  Mara (Vaults:4)
  Margery (Vaults:3)
  Bai Suzhen (Swamp:3)
  Saint Roka (Elf:2)
  Vashnia (Snake:4)
  Mlioglotl (Snake:2)
  2 deep elf blademasters (Elf:3)
  2 Ice Fiends (IceCv)
  A titan (Vaults:4)
  2 deep elf master archers (Elf:3)
  A sphinx (Vaults:4)
  5 acid blobs
  Agnes (D:14)
  2 thorn hunters
  Kirke (Snake:1)
  2 tengu reavers
  2 azure jellies
  5 nagarajas
  6 rockslimes
  20 vault wardens
  3 orc warlords
  4 deep elf sorcerers
  4 deep elf elementalists (Elf:3)
  A stone giant (Vaults:5)
  3 quicksilver oozes
  5 ironbound preservers
  10 ironbound thunderhulks
  18 very ugly things
  5 deep elf demonologists (Elf:3)
  An entropy weaver (Vaults:1)
  A deep elf annihilator (Elf:3)
  5 bunyips
  3 eleionomae
  8 dire elephants
  2 ettins (Vaults:4)
  4 deep elf death magi
  4 deep elf high priests
  3 fire dragons (Swamp:4)
  A shambling mangrove (Swamp:4)
  Josephine (Swamp:1)
  10 great orbs of eyes
  6 boulder beetles
  18 hydras
  40 vault guards
  7 yaktaur captains
  3 salamander tyrants
  2 peacekeepers
  A caustic shrike simulacrum (IceCv)
  A rakshasa (D:15)
  A ghost crab (Swamp:2)
  5 two-headed ogres
  2 death knights (Vaults:3)
  14 ironbound frosthearts
  11 centaur warriors
  8 anacondas
  18 naga warriors
  18 death yaks
  12 alligators
  29 dancing weapons
  5 shock serpents
  5 hell knights
  19 naga sharpshooters
  23 deep elf knights
  4 spectral death yaks (Lair:6)
  3 skeletal warriors (D:15)
  5 goliath frogs
  3 salamander mystics
  15 deep trolls
  A spectral anaconda (Lair:6)
  8 sea snakes
  9 bog bodies
  3 spriggan druids
  A naga ritualist (Snake:3)
  3 obsidian statues
  6 wizards
  A flayed ghost (D:12)
  9 swamp dragons
  A phantasmal warrior (Vaults:3)
  7 ironbound convokers
  2 glowing orange brains
  18 lindwurms
  12 deep elf archers
  Pikel (D:6)
  3 harpies (Vaults:3)
  10 mana vipers
  5 orc knights
  7 necromancers
  34 deep elf pyromancers
  32 deep elf zephyrmancers
  4 manticores
  A wolf spider (Lair:4)
  32 ugly things
  7 orc sorcerers
  4 will-o-the-wisps
  8 cyclopes
  2 shining eyes
  10 salamanders
  A guardian serpent (Snake:3)
  21 vault sentinels
  27 elephants
  A black mamba (shapeshifter) (D:13)
  33 black mambas
  12 naga magi
  A torpor snail (shapeshifter) (D:15)
  15 cane toads
  8 freezing wraiths
  An ice devil (IceCv)
  An efreet (D:13)
  A rime drake (Lair:5)
  An unseen horror (D:12)
  13 komodo dragons
  37 yaktaurs
  A tengu conjurer (D:14)
  3 golden dragon simulacra (IceCv)
  An entropy weaver simulacrum (IceCv)
  11 tyrant leeches
  8 trolls
  6 meliai
  A spectral elephant (Lair:6)
  61 slime creatures
  12 blink frogs
  4 hornets
  12 dream sheep
  A jumping spider (Vaults:1)
  3 air elementals
  A culicivora (Vaults:1)
  4 wyverns
  2 vampires
  A dire elephant simulacrum (Lair:6)
  4 spriggans
  57 yaks
  2 shadows
  Eustachio (D:6)
  9 wraiths
  6 hogs (Snake:1)
  A human (D:14)
  2 water elementals (Elf:3)
  3 basilisks
  5 golden eyes (Slime:3)
  A steam dragon (Swamp:4)
  3 fire elementals
  3 redbacks
  6 vampire mosquitoes
  Grum (D:10)
  Menkaure (D:6)
  7 wargs
  A death yak simulacrum (Lair:6)
  2 spectral cane toads (Lair:6)
  15 swamp worms
  4 hydra simulacra (IceCv)
  45 nagas
  2 acid dragons
  17 water moccasins
  11 swamp drakes
  34 orc warriors
  A black bear (D:5)
  2 ice beasts
  5 sky beasts
  3 ettin simulacra (IceCv)
  12 wolves
  12 centaurs
  7 ogres
  8 boggarts
  A phantom (D:5)
  A lemure (D:6)
  2 kobold brigands (D:10)
  8 bullfrogs
  A gnoll sergeant (D:12)
  4 scorpions
  A deep troll simulacrum (IceCv)
  5 earth elementals
  5 wights (D:9)
  An elephant simulacrum (Lair:6)
  4 killer bees (D:10)
  3 howler monkeys (D:12)
  3 electric eels
  A lava snake (Swamp:4)
  22 orc priests
  A jelly (D:6)
  2 hounds
  Crazy Yiuf (D:7)
  Ijyb (D:5)
  Natasha (thrice) (D:2)
  2 iguanas
  50 orc wizards
  7 adders
  A shadow imp (D:6)
  3 worms
  4 dart slugs
  140 orcs
  3 endoplasms
  2 giant cockroaches (D:2)
  6 goblins
  11 hobgoblins
  2 jackals (D:2)
  3 quokkas
  8 ball pythons
  2 bats
  14 kobolds
  10 rats
  A briar patch (Swamp:2)
1610 creatures vanquished.

Vanquished Creatures (others)
  A deep elf knight (Elf:2)
  A goliath frog (Swamp:1)
  A lindwurm (Swamp:4)
  A wizard (D:14)
  2 deep elf pyromancers (Elf:2)
  An unseen horror (D:12)
  2 bloated husks
  A hornet (Swamp:1)
  A steam dragon (Swamp:4)
  A naga (Snake:4)
  A swamp drake (Swamp:4)
  2 orcs (Orc:2)
  5 briar patches (Swamp:2)
  8 foxfires
  10 fungi
  22 plants
  11 withered plants (Lair:6)
71 creatures vanquished.

Grand Total: 1681 creatures vanquished

Notes
Turn   | Place    | Note
-------+----------+-------------------------------------------
     0 | D:1      | DocClef the Minotaur Gladiator began the quest for the Orb.
     0 | D:1      | Reached XP level 1. HP: 18/18 MP: 0/0
   229 | D:1      | Reached XP level 2. HP: 24/26 MP: 1/1
   301 | D:1      | Found a faded altar of an unknown god.
   750 | D:2      | Noticed Natasha
   755 | D:2      | Killed Natasha
   756 | D:2      | Reached XP level 3. HP: 37/37 MP: 2/2
   918 | D:2      | Noticed Natasha
   931 | D:2      | Killed Natasha
   932 | D:2      | Reached XP level 4. HP: 36/47 MP: 3/3
  1017 | D:2      | Noticed Natasha
  1024 | D:2      | Killed Natasha
  1106 | D:2      | Reached XP level 5. HP: 56/56 MP: 4/4
  1457 | D:3      | Found Qedwic Loocw's Antique Weapon Shoppe.
  2316 | D:4      | Reached skill level 10 in Fighting
  2452 | D:4      | Found a glowing silver altar of Zin.
  2452 | D:4      | Found a shimmering blue altar of Sif Muna.
  2456 | D:4      | Found an ancient bone altar of Kikubaaqudgha.
  2465 | D:4      | Found a blossoming altar of Fedhas.
  2619 | D:4      | Reached XP level 6. HP: 41/67 MP: 5/5
  3026 | D:5      | Entered Level 5 of the Dungeon
  3080 | D:5      | Noticed Ijyb
  3085 | D:5      | Paralysed by Ijyb for 3 turns
  3090 | D:5      | Killed Ijyb
  3152 | D:5      | Found a staircase to the Ecumenical Temple.
  3165 | D:5      | Reached XP level 7. HP: 78/78 MP: 6/6
  3176 | Temple   | Entered the Ecumenical Temple
  3293 | Temple   | Became a worshipper of Warmaster Okawaru
  3816 | D:5      | Identified the ring "Yrpheida" {rF- rN+ rCorr Int+3}
  3922 | D:6      | Noticed Eustachio
  4028 | D:6      | Killed Eustachio
  4029 | D:6      | Reached skill level 15 in Fighting
  4115 | D:6      | Reached XP level 8. HP: 91/91 MP: 7/7
  4134 | D:6      | Noticed Menkaure
  4146 | D:6      | Killed Menkaure
  4146 | D:6      | Reached * piety under Okawaru
  4384 | D:6      | Noticed Pikel
  4394 | D:6      | Killed Pikel
  4394 | D:6      | Reached ** piety under Okawaru
  4670 | D:7      | Reached XP level 9. HP: 85/104 MP: 8/8
  4791 | D:7      | Found a runed translucent door.
  4792 | D:7      | Noticed Crazy Yiuf
  4958 | D:7      | Reached *** piety under Okawaru
  5225 | D:7      | Got the Tome of Glacial Transmutation
  5353 | D:7      | Killed Crazy Yiuf
  5393 | D:8      | Noticed a gargoyle
  5462 | D:8      | Noticed a centaur warrior
  5464 | D:8      | Noticed a skeletal warrior
  5466 | D:8      | Noticed an eight-headed hydra
  5466 | D:8      | Noticed a cyclops
  5467 | D:8      | Noticed a white ugly thing
  5468 | D:8      | Noticed a cyclops
  5786 | D:8      | Found a staircase to the Lair.
  6007 | D:8      | Received a gift from Okawaru
  6017 | D:8      | Identified the +6 trident of Intimidation {speed, Dex+4}
  6027 | D:8      | Reached skill level 1 in Polearms
  6201 | D:8      | Noticed a gargoyle
  6442 | Lair:1   | Entered Level 1 of the Lair of Beasts
  6442 | Lair:1   | Noticed a komodo dragon
  6454 | Lair:1   | Killed a komodo dragon
  6459 | Lair:1   | Reached skill level 5 in Polearms
  6465 | Lair:1   | Noticed a cane toad
  6473 | Lair:1   | Killed a cane toad
  6473 | Lair:1   | Reached **** piety under Okawaru
  6474 | Lair:1   | Reached XP level 10. HP: 59/115 MP: 9/9
  6697 | Lair:1   | Noticed a black mamba
  6704 | Lair:1   | Killed a black mamba
  6704 | Lair:1   | Received a gift from Okawaru
  7019 | Lair:1   | Reached skill level 10 in Polearms
  7139 | Lair:1   | Noticed a black mamba
  7146 | Lair:1   | Killed a black mamba
  7146 | Lair:1   | Reached ***** piety under Okawaru
  7204 | Lair:1   | Noticed a seven-headed hydra
  7212 | Lair:1   | Killed a seven-headed hydra
  7257 | Lair:1   | Noticed a cane toad
  7268 | Lair:1   | Killed a cane toad
  7268 | Lair:1   | Received a gift from Okawaru
  7330 | Lair:1   | Noticed a cane toad
  7341 | Lair:1   | Killed a cane toad
  7385 | Lair:1   | Noticed a cane toad
  7389 | Lair:1   | Killed a cane toad
  7390 | Lair:1   | Reached XP level 11. HP: 122/122 MP: 10/10
  7945 | Lair:2   | You fall into a shaft and drop 2 floors!
  7966 | Lair:4   | Noticed a wolf spider
  7982 | Lair:4   | Killed a wolf spider
  7995 | Lair:4   | Reached skill level 1 in Shields
  8366 | Lair:4   | Reached skill level 1 in Armour
  8647 | Lair:3   | Reached skill level 5 in Armour
  8847 | Lair:3   | Noticed a bog body
  8856 | Lair:3   | Noticed a bog body
  8859 | Lair:3   | Killed a bog body
  8859 | Lair:3   | Reached ****** piety under Okawaru
  8859 | Lair:3   | Received a gift from Okawaru
  8865 | Lair:3   | Killed a bog body
  9416 | Lair:3   | Noticed a bog body
  9418 | Lair:3   | Noticed a bog body
  9425 | Lair:3   | Killed a bog body
  9432 | Lair:3   | Killed a bog body
  9432 | Lair:3   | HP: 5/122 [swamp worm (10)]
  9437 | Lair:3   | Reached skill level 10 in Armour
  9437 | Lair:3   | Reached XP level 12. HP: 6/130 MP: 9/11
  9877 | Lair:3   | Found a staircase to the Swamp.
 10255 | Lair:2   | Found a staircase to the Snake Pit.
 11390 | Lair:5   | Identified the ring "Ytiol" {Fly rF+}
 11589 | Lair:5   | Reached skill level 5 in Dodging
 11787 | Lair:5   | Noticed a seven-headed hydra
 11797 | Lair:5   | Killed a seven-headed hydra
 11945 | Lair:5   | Found a staircase to the Slime Pits.
 11946 | Lair:5   | Found a viscous altar of Jiyva.
 11960 | Lair:5   | Noticed a death yak
 11960 | Lair:5   | Noticed a death yak
 11961 | Lair:5   | Noticed a death yak
 11961 | Lair:5   | Noticed a death yak
 11968 | Lair:5   | Killed a death yak
 11968 | Lair:5   | Identified the +7 chain mail "Vigiawuf" {Will+ Regen+}
                  | (Okawaru gifted it to you on level 5 of the Lair of Beasts)
 11968 | Lair:5   | Received a gift from Okawaru
 11969 | Lair:5   | Noticed a death yak
 11970 | Lair:5   | Noticed a death yak
 11974 | Lair:5   | Killed a death yak
 11985 | Lair:5   | Killed a death yak
 12002 | Lair:5   | Killed a death yak
 12003 | Lair:5   | Reached skill level 10 in Dodging
 12013 | Lair:5   | Killed a death yak
 12014 | Lair:5   | Reached XP level 13. HP: 88/137 MP: 12/12
 12636 | Lair:5   | Identified the +8 hand axe of the Six Xenops {protect,
                  | rElec Str+2}
 12775 | Lair:6   | Entered Level 6 of the Lair of Beasts
 12918 | Lair:6   | Identified the -2 hat "Qairiqex" {rElec Str+3 Int-4 Stlth+}
                  | (Okawaru gifted it to you on level 6 of the Lair of Beasts)
 12918 | Lair:6   | Received a gift from Okawaru
 13223 | Lair:6   | Reached skill level 15 in Armour
 13654 | Lair:6   | Noticed a dire elephant
 13654 | Lair:6   | Noticed a dire elephant
 13773 | Lair:6   | Identified the -1 pair of gloves of Zan Unec {Dex+3}
                  | (Okawaru gifted it to you on level 6 of the Lair of Beasts)
 13773 | Lair:6   | Received a gift from Okawaru
 13846 | Lair:6   | Reached XP level 14. HP: 51/146 MP: 9/13
 14469 | Lair:6   | Got Ozu Sima's Handbook of Attacks
 14768 | Lair:6   | Received a gift from Okawaru
 15741 | D:10     | Entered Level 10 of the Dungeon
 15798 | D:10     | Gained mutation: You have sharp fingernails. [potion of
                  | mutation]
 15799 | D:10     | Lost mutation: You have sharp fingernails. [potion of
                  | mutation]
 15799 | D:10     | Gained mutation: Armour fits poorly on your strangely
                  | shaped body. [potion of mutation]
 15800 | D:10     | Lost mutation: Armour fits poorly on your strangely shaped
                  | body. [potion of mutation]
 15800 | D:10     | Gained mutation: You are agile. (Dex +4, Int/Str-1) [potion
                  | of mutation]
 15800 | D:10     | Gained mutation: You occasionally shout uncontrollably at
                  | your foes. [potion of mutation]
 15801 | D:10     | Lost mutation: You are agile. (Dex +4, Int/Str-1) [potion
                  | of mutation]
 15801 | D:10     | Lost mutation: You occasionally shout uncontrollably at
                  | your foes. [potion of mutation]
 15801 | D:10     | Gained mutation: Your magical capacity is low. (-10% MP)
                  | [potion of mutation]
 15801 | D:10     | Gained mutation: You have a somewhat thin skeletal
                  | structure. (Dex +2, Stealth+) [potion of mutation]
 16096 | D:10     | Noticed Grum
 16109 | D:10     | Killed Grum
 17063 | D:11     | Identified the +5 battleaxe of the Living Dead {elec, SInv}
                  | (Okawaru gifted it to you on level 11 of the Dungeon)
 17063 | D:11     | Received a gift from Okawaru
 17188 | D:12     | Found a staircase to the Orcish Mines.
 17707 | D:12     | Identified the +8 halberd "Guzxer" {vorpal, Will+ rCorr
                  | Str-2 Dex+4} (Okawaru gifted it to you on level 12 of the
                  | Dungeon)
 17707 | D:12     | Received a gift from Okawaru
 18163 | D:13     | Reached XP level 15. HP: 131/152 MP: 12/12
 18255 | D:13     | Found a basalt altar of Yredelemnul.
 18773 | D:14     | Found Hen Lao's Assorted Antiques.
 18779 | D:14     | Bought a heavily runed tin ring for 155 gold pieces
 18779 | D:14     | Identified the ring of Zymnimn {rF+ rN+ Will+ Int+6 Slay+3}
                  | (You bought it in a shop on level 14 of the Dungeon)
 18942 | D:14     | Noticed Agnes
 18951 | D:14     | Killed Agnes
 19184 | D:14     | Identified the +8 bardiche of the Fortifying Gods {protect,
                  | Str+2 Stlth+} (Okawaru gifted it to you on level 14 of the
                  | Dungeon)
 19184 | D:14     | Received a gift from Okawaru
 19612 | D:14     | Found a gate to the Vaults.
 19806 | D:15     | Entered Level 15 of the Dungeon
 20021 | D:15     | Found a sacrificial altar of Ru.
 20288 | D:15     | Identified the +0 pair of gloves of the Crypt {rPois
                  | Stlth+} (Okawaru gifted it to you on level 15 of the
                  | Dungeon)
 20288 | D:15     | Received a gift from Okawaru
 20373 | D:15     | Found a staircase to the Depths.
 20541 | D:15     | Reached skill level 1 in Invocations
 20949 | Orc:1    | Entered Level 1 of the Orcish Mines
 21046 | Orc:1    | Noticed an orc warlord
 21082 | Orc:1    | Killed an orc warlord
 21543 | Orc:2    | Entered Level 2 of the Orcish Mines
 21721 | Orc:2    | Found a staircase to the Elven Halls.
 21758 | Orc:2    | Reached skill level 5 in Invocations
 21766 | Orc:2    | Noticed an orc warlord
 21789 | Orc:2    | Killed an orc warlord
 22025 | Orc:2    | Reached XP level 16. HP: 160/160 MP: 17/17
 22052 | Orc:2    | Found Toudghoyt's Assorted Antiques.
 22052 | Orc:2    | Found Plog's Distillery.
 22171 | Orc:2    | Found Lingimur's Armour Shoppe.
 22171 | Orc:2    | Found Quemm's Weapon Boutique.
 22440 | Orc:2    | Bought the +1 pair of boots "Ocvuekhla" {Rampage +Inv rN+}
                  | for 332 gold pieces
 22506 | Elf:1    | Entered Level 1 of the Elven Halls
 22524 | Elf:1    | Received a gift from Okawaru
 23714 | Elf:1    | Received a gift from Okawaru
 23854 | Elf:2    | Paralysed by an air elemental for 1 turns
 24144 | Elf:2    | Identified a scroll of acquirement
 24144 | Elf:2    | Acquired a manual of Shields
 24194 | Elf:2    | Received a gift from Okawaru
 24360 | Elf:2    | Reached skill level 5 in Shields
 24704 | Elf:2    | Found a runed translucent gate.
 24706 | Elf:2    | Found a runed translucent gate.
 24711 | Elf:2    | Found a runed translucent gate.
 24983 | Elf:2    | Noticed Saint Roka
 25052 | Elf:2    | Reached skill level 10 in Shields
 25105 | Elf:2    | Received a gift from Okawaru
 25211 | Elf:2    | Reached XP level 17. HP: 137/172 MP: 12/20
 25329 | Elf:2    | Killed Saint Roka
 25844 | Elf:3    | Entered Level 3 of the Elven Halls
 25883 | Elf:3    | Identified the +5 pair of gloves of Hygom {Dex+7} (Okawaru
                  | gifted it to you on level 3 of the Elven Halls)
 25883 | Elf:3    | Received a gift from Okawaru
 25884 | Elf:3    | Reached skill level 15 in Shields
 25927 | Elf:3    | Found a frozen archway.
 25933 | IceCv    | Entered an ice cave
 26318 | IceCv    | Noticed an Ice Fiend
 26318 | IceCv    | Noticed an Ice Fiend
 26328 | IceCv    | Killed an Ice Fiend
 26343 | IceCv    | Killed an Ice Fiend
 26624 | Elf:3    | Found Pyutinud's Book Emporium.
 26915 | Elf:3    | Paralysed by an air elemental for 1 turns
 27223 | Elf:3    | Identified the +1 hat of Pomevecw {Dex+5 Stlth+} (Okawaru
                  | gifted it to you on level 3 of the Elven Halls)
 27223 | Elf:3    | Received a gift from Okawaru
 27269 | Elf:3    | Noticed a Tzitzimitl
 27270 | Elf:3    | Noticed a Hell Sentinel
 27589 | Elf:3    | Noticed a deep elf master archer
 27729 | Elf:3    | Killed a deep elf master archer
 27785 | Elf:3    | Noticed a deep elf blademaster
 27809 | Elf:3    | Killed a deep elf blademaster
 27894 | Elf:3    | Noticed a deep elf blademaster
 27894 | Elf:3    | Noticed a deep elf master archer
 27899 | Elf:3    | Identified the +5 lajatang of Pena {vorpal, *Noise +Blink
                  | rPois}
 27899 | Elf:3    | Identified the ring of a Thousand Portals {Fly rN+++}
 27906 | Elf:3    | Killed a deep elf blademaster
 27915 | Elf:3    | Killed a deep elf master archer
 27967 | Elf:3    | Got the Disquisition on Nocuous Ignition
 27969 | Elf:3    | Identified the +12 dagger of Fiamer {freeze, rC+ Dex+2}
 27973 | Elf:3    | Identified the +0 trident of Aheodo {freeze, Int+2 SInv}
 27978 | Elf:3    | Got Sif Muna's Reference Book on Dusty Necromancy
 28346 | Swamp:1  | Entered Level 1 of the Swamp
 28358 | Swamp:1  | Reached XP level 18. HP: 188/188 MP: 21/21
 28752 | Swamp:1  | Noticed Josephine
 28766 | Swamp:1  | Killed Josephine
 28865 | Swamp:2  | Reached skill level 15 in Polearms
 29096 | Swamp:2  | Received a gift from Okawaru
 29404 | Swamp:3  | Received a gift from Okawaru
 29480 | Swamp:3  | Noticed Bai Suzhen
 29503 | Swamp:3  | Killed Bai Suzhen
 30004 | Swamp:4  | Entered Level 4 of the Swamp
 30326 | Swamp:4  | Received a gift from Okawaru
 30636 | Swamp:4  | Got a decaying rune of Zot
 30823 | Snake:1  | Entered Level 1 of the Snake Pit
 30921 | Snake:1  | Noticed Kirke
 30952 | Snake:1  | Killed Kirke
 31045 | Snake:1  | Identified the +6 battleaxe of Melee {venom, rN+ Dex+2}
 31479 | Snake:2  | Found Saijaor's Jewellery Boutique.
 31502 | Snake:2  | You are sucked into a shaft and drop 1 floor!
 31560 | Snake:3  | Found Nyisyo's Antique Armour Shop.
 31727 | Snake:3  | Reached XP level 19. HP: 159/195 MP: 15/22
 32009 | Snake:3  | Received a gift from Okawaru
 32648 | Snake:2  | Found Pazol's Magic Scroll Boutique.
 32650 | Snake:2  | Noticed Mlioglotl
 32675 | Snake:2  | Killed Mlioglotl
 33525 | Snake:3  | Received a gift from Okawaru
 33764 | Snake:4  | Entered Level 4 of the Snake Pit
 33979 | Snake:4  | Noticed Vashnia
 34037 | Snake:4  | Killed Vashnia
 34289 | Snake:4  | Got a serpentine rune of Zot
 34398 | Snake:4  | Received a gift from Okawaru
 34530 | Snake:4  | Received a gift from Okawaru
 34822 | Snake:4  | Received a gift from Okawaru
 35305 | Vaults:1 | Entered Level 1 of the Vaults
 35692 | Vaults:1 | Reached XP level 20. HP: 151/203 MP: 16/23
 35973 | Vaults:1 | Found Soiphibo's Magic Scroll Emporium.
 36036 | Vaults:1 | Received a gift from Okawaru
 36745 | Vaults:2 | Identified the +6 glaive "Zoeb" {speed, Will- rCorr MP-9
                  | Dex+8} (Okawaru gifted it to you on level 2 of the Vaults)
 36745 | Vaults:2 | Received a gift from Okawaru
 36830 | Vaults:2 | Found Qeastir's Assorted Antiques.
 36925 | Vaults:2 | You are sucked into a shaft and drop 2 floors!
 37367 | Vaults:4 | Received a gift from Okawaru
 37452 | Vaults:4 | Found Etigem Kuagh's Assorted Antiques.
 38608 | Vaults:3 | Reached skill level 27 in Polearms
 38662 | Vaults:3 | Noticed Margery
 38697 | Vaults:2 | Reached XP level 21. HP: 120/211 MP: 17/24
 38802 | Vaults:2 | Found Gipsiaz's Antique Weapon Shoppe.
 38806 | Vaults:2 | Found Tichatam's Jewellery Shop.
 38849 | Vaults:2 | Received a gift from Okawaru
 39304 | Vaults:2 | Acquired 867 gold pieces
 39417 | Vaults:2 | Found Geefrud's Magic Scroll Shoppe.
 39683 | Vaults:2 | Found Udaere's Antique Armour Boutique.
 39912 | Vaults:3 | Killed Margery
 40352 | Vaults:3 | Received a gift from Okawaru
 40679 | Vaults:3 | Found Durphic's Weapon Emporium.
 40825 | Vaults:3 | Found a staircase to the Crypt.
 41089 | Vaults:5 | Entered Level 5 of the Vaults
 41150 | Vaults:5 | Noticed Mara
 41340 | Vaults:5 | Noticed DocClef's illusion
 41400 | Vaults:4 | Identified the +4 ring mail of the First Friends {Str+3
                  | Int+6} (Okawaru gifted it to you on level 4 of the Vaults)
 41400 | Vaults:4 | Received a gift from Okawaru
 41405 | Vaults:4 | Killed Mara
 42087 | Slime:1  | Entered Level 1 of the Pits of Slime
 42309 | Slime:3  | Gained mutation: Armour fits poorly on your strangely
                  | shaped body. [a shining eye]
 42311 | Slime:3  | Gained mutation: Your body sometimes deteriorates upon
                  | taking damage. [a shining eye]
 42339 | Slime:3  | Gained mutation: You are clumsy. (Dex -2) [a shining eye]
 42344 | Slime:3  | Gained mutation: You sometimes lose the ability to read
                  | scrolls when taking damage. [a shining eye]
 42491 | Slime:3  | Reached XP level 22. HP: 155/232 MP: 24/24
 42626 | Slime:3  | Reached skill level 27 in Fighting
 42970 | Slime:5  | Entered Level 5 of the Pits of Slime
 42974 | Slime:5  | Gained mutation: You occasionally shout uncontrollably at
                  | your foes. [a shining eye]
 43055 | Slime:5  | Noticed the Royal Jelly
 43155 | Arena    | Entered the Arena
 43186 | Arena    | HP: 8/233 [azure jelly[the Royal Jelly] (34)]
 43189 | Arena    | Killed from afar by an acid blob

Illustrated notes

Levels and vault maps discovered:
D:1:      minmay_arrival_open_corners, layout_basic,
          hellmonk_ecumenical_altar_lost_god
D:2:      layout_loops_ring, uniq_natasha
D:3:      layout_loops_ring, serial_shops, nicolae_shop_statue_plus
D:4:      layout_basic, nicolae_overflow_quartered_altars, grunt_decor_cap
D:5:      layout_loops_ring, minmay_temple_entry_junction, uniq_ijyb
D:6:      layout_rooms, uniq_pikel, uniq_eustachio, uniq_menkaure
D:7:      layout_loops_cross, uniq_crazy_yiuf_cottage
D:8:      layout_loops_corners, lair_entry_dummy, minivault_12
D:9:      layout_basic, serial_park_tiny_1
D:10:     layout_roguey, uniq_grum
D:11:     layout_basic
D:12:     nzn_winding_woodlands_small [nzn_winding_woodlands_5x15_jagged,
          nzn_winding_woodlands_center_garden,
          nzn_winding_woodlands_5x15_crooked], layout_stronghold,
          minmay_orc_entry_temple_small
D:13:     layout_loops_cross, yredelemnul_altar_generic
D:14:     layout_loops_ring, grunt_vaults_entry_fortified, kennysheep_nub,
          serial_shops, nicolae_stop_n_shop_1, grunt_decor_mini_mirrors,
          uniq_agnes
D:15:     gammafunk_enter_depths_forms, layout_basic, nicolae_ru_awakened_eye
Temple:   mainiacjoe_temple_coin_purse
Lair:1:   layout_cave_pods, grunt_megastairs_2
Lair:2:   layout_gridlike, minmay_snake_entry_guardpost_small, serial_bayou,
          serial_bayou_ford_a, serial_bayou_pond_a, serial_bayou_shore_b,
          serial_bayou_pond_a, lemuel_fruit_tree
Lair:3:   layout_roguey, nicolae_swamp_entry_splash_gauntlet, st_stairs_6
Lair:4:   layout_layer_cave, serial_bayou_pond_d, minmay_holes,
          nicolae_lair_run_with_the_wolves
Lair:5:   layout_regular_city, slime_altar_1
Lair:6:   due_jungle_book, layout_small_grid, grunt_megastairs_5
Swamp:1:  layout_basic_swamp, evilmike_swamp_ruin_house_4,
          infiniplex_staircase_pool_2, uniq_josephine
Swamp:2:  layout_basic_swamp, nicolae_swamp_oxbows
Swamp:3:  layout_basic_swamp, evilmike_swamp_ruin_house_1, uniq_bai_suzhen
Swamp:4:  swamp_fiery, layout_basic_swamp, swamp_pool1
Snake:1:  layout_onion, uniq_kirke
Snake:2:  layout_honeycomb, serial_shops, shop, shop, uniq_mlioglotl
Snake:3:  layout_onion_interference, serial_shops, nicolae_lakefront_shop,
          grunt_megastairs_1, serial_bayou_shore_a
Snake:4:  minmay_snake_end_coiled, layout_cave_town, nicolae_snake_springs,
          uniq_vashnia
Slime:1:  layout_caves
Slime:2:  layout_caves
Slime:3:  layout_caves
Slime:4:  layout_caves
Slime:5
Orc:1:    layout_diamond_mine
Orc:2:    st_orc_town, layout_diamond_mine
Elf:1:    nicolae_elf_arrival_fired_up, layout_loops_ring,
          serial_co_window_serial, co_window_corner_a,
          co_window_of_opportunity_a, co_window_paths_a,
          co_window_of_opportunity_a, co_window_of_opportunity_a,
          co_window_of_opportunity_c, co_window_2corner, co_window_corner_ca,
          hangedman_elf_represent, minivault_23
Elf:2:    nicolae_elf_blades_splatter_lattice
          [nicolae_vaults_blade_armed_guards], layout_geoelf_grid,
          serial_sigils, serial_sigils_hangedman_etch,
          serial_sigils_hangedman_scar, serial_sigils_hangedman_shear,
          uniq_saint_roka
Elf:3:    elf_hall_gauntlet_narrow, layout_onion_city, serial_shops,
          nicolae_shop_behind_doors, portal_ice_cave_entry_pillars_four
Vaults:1: nicolae_vaults_little_squares_5, vaults_dpeg_hooks,
          hangedman_vaults_slice, grunt_vaults_twisty, v_alt_pattern_4,
          nicolae_vaults_know_your_exits, vaults_dpeg_spiral,
          nicolae_vaults_little_squares_1, ontoclasm_vaults_loading_screen,
          v_misc_28, nicolae_vaults_network_s, nicolae_vaults_border_crossing,
          layout_vaults_omnibox, serial_shops, nicolae_shop_behind_doors
Vaults:2: vaults_mumra_chevron_long, ontoclasm_vaults_claustrophobia,
          nicolae_vaults_specimen_jars, nicolae_vaults_theta,
          grunt_vaults_diagonal, dpeg_vaults_monster_box,
          layout_vaults_omnigrid, serial_shops, nicolae_shop_hallway_stairs,
          nicolae_lakefront_shop, shop, shop_coins, shop
Vaults:3: vaults_standard_mumra_enter_the_diamond, blue_anna_dwarven_crypt,
          nicolae_vaults_halls_meeting, nicolae_vaults_mini_display_case,
          hangedman_vaults_stagger, nicolae_vaults_stairing_the_circle,
          grunt_vaults_hallway_short, nicolae_vaults_little_ls, v_rooms_1,
          vaults_dpeg_ring, nicolae_vaults_sealed_display, layout_vaults_ring,
          serial_shops, nicolae_shop_statue_plus, uniq_margery
Vaults:4: nicolae_vaults_rhombus_7, nicolae_vaults_what_the_h,
          nicolae_vaults_network_star, nicolae_vaults_rhombus_6, v_misc_13,
          v_misc_14, v_rooms_4, nicolae_vaults_windows_and_doors_thing,
          nicolae_vaults_network_periphery, ontoclasm_vaults_fault,
          nicolae_vaults_three_branches, ontoclasm_vaults_ring_small,
          vaults_room_hallway, layout_vaults_omnicross, serial_shops, shop
Vaults:5: uniq_mara
Arena

Skill      XL: |  1  2  3  4  5  6  7  8  9 10 11 12 13 14 15 16 17 18 19 20 21 22 |
---------------+-------------------------------------------------------------------+-----
Fighting       | 3 6 7 8 10 12 15 17 19 20 23 26 27 | 27.0
Polearms       | 6 12 13 19 23 27 | 27.0
Shields        | 3 11 16 | 16.1
Armour         | 10 12 16 20 23 | 23.4
Dodging        | 10 12 | 12.0
Invocations    | 6 9 |  9.0
Axes           | |  3.6
Throwing       | |  2.0

Action                   |  1- 3 |  4- 6 |  7- 9 | 10-12 | 13-15 | 16-18 | 19-21 | 22-24 || total
-------------------------+-------+-------+-------+-------+-------+-------+-------+-------++-------
Melee: War axe           |    70 |   128 |   124 |       |       |       |       |       ||   322
       Headbutt          |     9 |    21 |    37 |   152 |   459 |   482 |   745 |    43 ||  1948
       Punch             |       |     1 |       |       |       |       |       |       ||     1
       Trident           |       |       |    31 |   546 |  1883 |  2038 |  2384 |       ||  6882
       Demon trident     |       |       |       |       |       |       |   204 |   102 ||   306
Throw: Throwing net      |       |       |       |     1 |       |       |       |       ||     1
Invok: Heroism           |       |       |       |     5 |     7 |    12 |     8 |     1 ||    33
       Finesse           |       |       |       |       |     2 |     8 |     7 |     1 ||    18
       Duel              |       |       |       |       |       |       |       |     1 ||     1
  Use: Scroll            |     1 |    11 |     1 |       |    16 |     4 |     6 |       ||    39
       Potion            |       |     1 |       |       |     5 |     2 |       |     2 ||    10
 Stab: Distracted        |       |       |       |       |     1 |     1 |     2 |       ||     4
       Sleeping          |       |       |       |       |       |     1 |     4 |       ||     5
       Confused          |       |       |       |       |       |     1 |       |       ||     1
Armor: Leather armour    |    11 |       |       |       |       |       |       |       ||    11
       Chain mail        |    25 |   104 |    78 |       |   442 |   416 |   438 |    38 ||  1541
       Acid dragon scale |       |       |    19 |   109 |     2 |       |       |       ||   130
Dodge: Dodged            |    32 |    56 |    58 |   133 |   462 |   525 |   682 |    57 ||  2005
Block: Buckler           |       |       |       |    68 |   262 |   426 |   660 |    74 ||  1490

Table legend: (Time is in decaauts)
 A = Elapsed time spent in this place.
 B = Non-inter-level travel time spent in this place.
 C = Inter-level travel time spent in this place.
 D = Time resting spent in this place.
 E = Time spent auto-exploring this place.
 F = Levels seen in this place.
 G = Mean time per level.
                   A        B        C        D        E       F      G
               +--------+--------+--------+--------+--------+-----+--------+
         Total |  39145 |  36323 |   2822 |   2577 |  26212 |  47 |  832.9 |
       Dungeon |  12403 |  11233 |   1170 |     53 |   9215 |  15 |  826.9 |
        Temple |    127 |     99 |     28 |      0 |     84 |   1 |  127.0 |
          Lair |   8227 |   7688 |    539 |   1506 |   5092 |   6 | 1371.2 |
         Swamp |   2047 |   1877 |    170 |      0 |   1400 |   4 |  511.8 |
     Snake Pit |   3624 |   3470 |    154 |      0 |   2697 |   4 |  906.0 |
    Slime Pits |   1004 |    971 |     33 |    146 |    602 |   5 |  200.8 |
  Orcish Mines |   1295 |   1197 |     98 |      0 |    787 |   2 |  647.5 |
   Elven Halls |   4373 |   4171 |    202 |    563 |   2394 |   3 | 1457.7 |
        Vaults |   5478 |   5053 |    425 |    264 |   3570 |   5 | 1095.6 |
      Ice Cave |    549 |    549 |      0 |     45 |    370 |   1 |  549.0 |
         Arena |     13 |     13 |      0 |      0 |      0 |   1 |   13.0 |
               +--------+--------+--------+--------+--------+-----+--------+

Top non-repeatable levels by time:
  Lair:6: 1811 daAuts
Vaults:4: 1758 daAuts
   Elf:2: 1707 daAuts
  Lair:3: 1506 daAuts
   Elf:1: 1477 daAuts
  Lair:5: 1379 daAuts
  Lair:4: 1370 daAuts
     D:8: 1266 daAuts
 Snake:3: 1252 daAuts
  Lair:1: 1245 daAuts
Vaults:3: 1227 daAuts
Vaults:1: 1226 daAuts
Vaults:2: 1215 daAuts
   Elf:3: 1189 daAuts
    D:14: 1065 daAuts
